 Dungeon Crawl Stone Soup version 0.27.0-1-g7a089689b8 (webtiles) character file.

Game seed: 16562110167585501537

128 Spectrina the Sneak (level 4, -3/27 HPs)
             Began as a Deep Elf Monk on Aug 11, 2021.
             Slain by an ogre (20 damage)
             ... on level 4 of the Dungeon.
             The game lasted 00:10:39 (1238 turns).

Spectrina the Sneak (Deep Elf Monk)                 Turns: 1238, Time: 00:10:40

Health: -3/27      AC:  3    Str:  8    XL:     4   Next: 86%
Magic:  10/10      EV: 13    Int: 16    God:
Gold:   105        SH:  0    Dex: 17    Spells: 9/9 levels left

rFire    . . .     SeeInvis .   m - +2 dagger (venom)
rCold    . . .     Faith    .   (no shield)
rNeg     . . .     Spirit   .   b - +0 robe
rPois    .         Reflect  .   r - +0 helmet
rElec    .         Harm     .   (no cloak)
rCorr    .         Rampage  .   (no gloves)
Will     .....                  (no boots)
Stlth    +++.......             (no amulet)
HPRegen  0.09/turn              (no ring)
MPRegen  0.12/turn              (no ring)

@: no status effects
A: no striking features
a: no special abilities


You were on level 4 of the Dungeon.
You visited 1 branch of the dungeon, and saw 4 of its levels.

You collected 105 gold pieces.

Inventory:

Hand Weapons
 a - a +0 short sword
 e - a +0 dagger
 m - a +2 dagger of venom (weapon)
 q - a +2 short sword of protection
Missiles
 c - 63 stones
 g - 49 arrows
 h - 36 poisoned darts (quivered)
 l - 8 datura-tipped darts
Armour
 b - a +0 robe (worn)
 k - a +0 kite shield
 r - a +0 helmet (worn)
Scrolls
 d - 2 scrolls of teleportation
 f - a scroll of fog {unknown}
 j - 2 scrolls of torment {unknown}
 o - 3 scrolls of identify {unknown}
 p - 3 scrolls of enchant weapon {unknown}
 s - 2 scrolls of enchant armour {unknown}
 v - a scroll of acquirement {unknown}
Potions
 i - 2 potions of curing
 n - a potion of heal wounds {unknown}
 t - a potion of might {unknown}
 u - a potion of lignification {unknown}


   Skills:
 - Level 2.4 Fighting
 - Level 3.0 Short Blades
 - Level 3.6 Dodging
 + Level 5.8 Stealth
 * Level 3.0 Spellcasting


You had 9 spell levels left.
You didn't know any spells.
Your spell library contained the following spells:

 Spells                   Type           Power      Damage    Failure   Level
 Slow                     Hex            2%         N/A       28%         2
 Confusing Touch          Hex            2%         N/A       50%         3
 Frozen Ramparts          Ice            4%         1d2       50%         3
 Vampiric Draining        Necr           1%         2d6       50%         3
 Ice Form                 Ice/Tmut       2%         N/A       88%         4
 Summon Ice Beast         Ice/Summ       2%         N/A       88%         4


Dungeon Overview and Level Annotations

Branches:
Dungeon (4/15)
 Temple: D:4-7

Altars:
Cheibriados
Makhleb


Message History

Aim: an ogre, wielding a +0 giant club (lightly wounded, very poisoned, 75% to hit)
You throw a poisoned dart. The poisoned dart hits the ogre.
The ogre is lightly wounded.
The endoplasm misses you.
Throw: 38 darts (poison)
Press: ? - help, Q - select action, (/) - cycle Shift-Dir - straight line, f/p - ogre
Aim: an ogre, wielding a +0 giant club (lightly wounded, very poisoned, 75% to hit)
You throw a poisoned dart. The poisoned dart hits the ogre.
The ogre is lightly wounded.
The endoplasm hits you but does no damage.
Unknown command.
Throw: 37 darts (poison)
Press: ? - help, Q - select action, (/) - cycle Shift-Dir - straight line, f/p - ogre
Aim: an ogre, wielding a +0 giant club (lightly wounded, very poisoned, 75% to hit)
You throw a poisoned dart. The poisoned dart hits the ogre.
The ogre looks even sicker.
The ogre is lightly wounded.
The endoplasm freezes you.
You are frozen.
Unknown command.
You hit the ogre.
The ogre looks as sick as possible!
The ogre is moderately wounded.
The ogre barely misses you. The endoplasm freezes you.
You are frozen.
Unknown command.
The endoplasm hits you.
The endoplasm hits you but does no damage.
Unknown command.
The endoplasm hits you but does no damage.
The endoplasm freezes you.
You are frozen.
You see here a poisoned dart.
Unknown command.
You see here a poisoned dart.
You see here a poisoned dart.
It was a potion of curing.
You feel better.
The ogre hits you with a +0 giant club!!
Ouch! That really hurt!
You die...

##### ### ## ###
#.#.###.##.###@#
#.#.#.......##O#
###.#.#...<...##J#
..............##.#
..............##.#
>..##.........##.#
......##########.#
....#.# #.#
....#.# #(#


You could see an ogre (poisoned) and an endoplasm.

Vanquished Creatures
  A bullfrog (D:4)
  An adder (D:4)
  2 dart slugs
  An orc (D:2)
  A bat (D:1)
  3 endoplasms
  2 giant cockroaches
  4 goblins
  8 hobgoblins
  A jackal (D:4)
  11 kobolds
  2 quokkas (D:1)
  4 ball pythons
  2 frilled lizards
  3 rats
46 creatures vanquished.

Vanquished Creatures (collateral kills)
  An adder (D:3)
  A goblin (D:3)
2 creatures vanquished.

Vanquished Creatures (others)
  An adder (D:3)
1 creature vanquished.

Grand Total: 49 creatures vanquished

Notes
Turn   | Place    | Note
-------+----------+-------------------------------------------
     0 | D:1      | Spectrina the Deep Elf Monk began the quest for the Orb.
     0 | D:1      | Reached XP level 1. HP: 13/13 MP: 3/3
    62 | D:1      | Reached skill level 3 in Stealth
   139 | D:1      | Reached XP level 2. HP: 6/18 MP: 4/4
   208 | D:1      | Reached skill level 4 in Stealth
   491 | D:2      | Reached XP level 3. HP: 12/22 MP: 5/5
   731 | D:3      | Reached skill level 5 in Stealth
   771 | D:2      | Found a burning altar of Makhleb.
  1085 | D:4      | Noticed a bullfrog
  1087 | D:4      | Killed a bullfrog
  1088 | D:4      | Reached XP level 4. HP: 27/27 MP: 5/10
  1210 | D:4      | Found a snail-covered altar of Cheibriados.
  1214 | D:4      | Noticed an ogre
  1238 | D:4      | Slain by an ogre

Illustrated notes

Levels and vault maps discovered:
D:1:      doesnt_arrival_eight_statues, layout_rooms
D:2:      layout_rooms, basic_altar, st_stairs_12,
          minmay_fractal_squares_gapless_5
D:3:      layout_basic, st_stairs_3
D:4:      layout_rooms, lemuel_coloured_pillars_altar, cheibriados_altar_1,
          mainiacjoe_overflow_alcove_1, ashenzari_altar_1,
          kennysheep_generic_room_6

Skill      XL: |  1  2  3  4 |
---------------+-------------+-----
Stealth        | 3 4 5 |  5.8
Spellcasting   | 2 3 |  3.0
Fighting       | |  2.4
Short Blades   | |  3.0
Dodging        | |  3.6

Action                   |  1- 3 |  4- 6 || total
-------------------------+-------+-------++-------
Melee: Short sword       |    67 |       ||    67
       Dagger            |     7 |     6 ||    13
Throw: Dart              |    68 |    10 ||    78
  Use: Potion            |     3 |     1 ||     4
       Scroll            |     1 |       ||     1
 Stab: Invisible         |     3 |       ||     3
       Sleeping          |     3 |     2 ||     5
Armor: Robe              |    18 |     4 ||    22
Dodge: Dodged            |    50 |     2 ||    52
